 Dungeon Crawl Stone Soup version 0.24-a0-115-gd155597332 (webtiles) character file.

Game seed: 16606480338723273876

23 Hercules1031 the Shield-Bearer (level 3, -9/29 HPs)
             Began as a Formicid Fighter on Feb 17, 2019.
             Killed by nerve-wracking pain
             ... invoked by an orc priest
              (12 damage)
             ... on level 2 of the Dungeon.
             The game lasted 00:02:06 (722 turns).

Hercules1031 the Shield-Bearer (Formicid Fighter)    Turns: 722, Time: 00:02:07

Health: -9/29      AC:  6    Str: 21    XL:     3   Next: 10%
Magic:  3/3        EV:  8    Int:  7    God:
Gold:   59         SH:  9    Dex: 10    Spells: 2/2 levels left

rFire    . . .     SeeInvis +   a - +0 quarterstaff
rCold    . . .     Gourm    .   c - +0 shield
rNeg     . . .     Faith    .   b - +0 scale mail
rPois    .         Spirit   .   (helmet unavailable)
rElec    .         Reflect  .   (no cloak)
rCorr    .         Harm     .   (no gloves)
MR       .....                  (no boots)
Stlth    ..........             (no amulet)
HPRegen  0.09/turn              (no ring)
MPRegen  0.08/turn              (no ring)

@: no status effects
A: permanent stasis, dig shafts and tunnels, four strong arms, antennae 3
a: Dig, Shaft Self


You were on level 2 of the Dungeon.
You were not hungry.

You visited 1 branch of the dungeon, and saw 2 of its levels.

You collected 59 gold pieces.

Inventory:

Hand Weapons
 a - a +0 quarterstaff (weapon)
Armour
 b - a +0 scale mail (worn)
 c - a +0 shield (worn)
Scrolls
 h - 2 scrolls of remove curse {unknown}
Potions
 d - a potion of might
 e - a potion of experience {unknown}
 g - a potion of curing {unknown}
 i - a potion of flight {unknown}
Comestibles
 f - 3 rations


   Skills:
 + Level 3.5 Fighting
 + Level 2.3 Staves
 + Level 3.5 Armour
 + Level 0.7 Dodging
 + Level 3.9 Shields


You had 2 spell levels left.
You didn't know any spells.
Your spell library was empty.

Dungeon Overview and Level Annotations

Branches:
Dungeon (2/15)

Altars:
Makhleb
Xom


Innate Abilities, Weirdness & Mutations

You cannot be hasted, slowed, berserked, paralysed or teleported.
You can dig through walls and to a lower floor.
Your four strong arms can wield two-handed weapons with a shield.
You have a pair of large antennae on your head. (SInv)


Message History

You sock the orc priest!
The orc priest is heavily wounded.
You block the orc priest's attack.
The orc hits you with a +0 mace of protection.
You block the orc's attack.
You barely miss the orc priest.
The orc priest is heavily wounded.
The orc hits you but does no damage.
The orc priest looks braver for a moment.
You block the orc priest's attack. You block the orc's attack.
The orc hits you but does no damage. The orc barely misses you.
The orc hits you.
You hit the orc priest.
The orc priest is severely wounded.
The orc priest calls down the wrath of Beogh upon you.
Pain shoots through your body!
* * * LOW HITPOINT WARNING * * *
The orc priest mumbles some strange prayers to Beogh against you.
Pain shoots through your body!
You die...

#.......# #.#.≈...≈.#
#.#.......#
###########.#.......#
.........##.#.......#
########.##.#.≈...≈.#
####.##.#oo.....#
#.##.##.o@o......
#........oo......
####.##.#####..###.#
#........... .....
#####.##.###. ..###.#
####............ ...
................ ..##
####.###.#..###. ..#
#.# #....# ###


You could see 2 orc priests and 4 orcs.

Vanquished Creatures
  An orc (D:2)
  A ball python (D:1)
  A giant cockroach (D:1)
  7 goblins (D:1)
  2 hobgoblins (D:1)
  A kobold (D:1)
  3 bats (D:1)
  A frilled lizard (D:1)
  2 rats (D:1)
19 creatures vanquished.

Notes
Turn   | Place    | Note
-------+----------+-------------------------------------------
     0 | D:1      | Hercules1031 the Formicid Fighter began the quest for the
                  | Orb.
     0 | D:1      | Reached XP level 1. HP: 18/18 MP: 1/1
   107 | D:1      | Reached XP level 2. HP: 23/24 MP: 2/2
   473 | D:1      | Reached XP level 3. HP: 29/29 MP: 3/3
   661 | D:2      | Found a burning altar of Makhleb.
   663 | D:2      | Found a shimmering altar of Xom.
   722 | D:2      | Killed from afar by an orc priest

Levels and vault maps discovered:
D:1:      lemuel_arrival_cross, layout_rooms, kennysheep_boxes
D:2:      cheibrodos_pilgrimage, layout_basic, nicolae_overflow_hidden_temple

Action                   || total
-------------------------++-------
Melee: Quarterstaff      ||    64
Armor: Scale mail        ||    45
Dodge: Dodged            ||    25
Block: Shield            ||    44

Table legend:
 A = Non-vault XP
 B = Vault XP
 C = Vault XP percentage of total XP
 D = Non-vault monster count
 E = Vault monster count
 F = Vault count percentage of total count
                 A         B        C        D         E       F
            +---------+---------+-------+---------+---------+-------
      Total |      30 |       3 |   9.1 |      18 |       1 |   5.3
            +---------+---------+-------+---------+---------+-------
        D:1 |      30 |       0 |   0.0 |      18 |       0 |   0.0
        D:2 |       0 |       3 | 100.0 |       0 |       1 | 100.0
            +---------+---------+-------+---------+---------+-------
